 Dungeon Crawl Stone Soup version 0.28.0-45-g0d030f2227 (webtiles) character file.

Game seed: 14989618071726320844

161242 boopmooplesden the Executioner (level 17, -6/168 HPs)
             Began as a Minotaur Berserker on Apr 20, 2022.
             Was the Champion of Trog.
             Mangled by a naga warrior
             ... wielding a +0 glaive
              (34 damage)
             ... on level 4 of the Snake Pit.
             The game lasted 00:49:16 (31374 turns).

boopmooplesden the Executioner (MiBe)              Turns: 31374, Time: 00:49:16

Health: -6/168     AC: 32    Str: 20    XL:     17   Next: 19%
Magic:  16/16      EV:  6    Int:  8    God:    Trog [******]
Gold:   2148       SH:  0    Dex: 11    Spells: 16/16 levels left

rFire   . . .      SeeInvis +   Q - +8 battleaxe of Excruciating Pain {vorpal, Drain rC+ SInv}
rCold   + + .      Faith    .   (shield currently unavailable)
rNeg    + + .      Spirit   .   L - +5 plate armour {Will+}
rPois   +          Reflect  .   C - +3 crown of Dyrovepreva {rElec Int+2 SInv}
rElec   +          Harm     .   (no cloak)
rCorr   .          Rampage  +   p - +2 pair of gloves
Will    +++++      NoCast   +   O - +0 pair of boots "Zeattub" {-Cast rElec rN++ Regen+}
Stlth   ..........              e - amulet "Xicsaz" {Rampage +Inv Will+++ Regen+ Str-5 Dex-2}
HPRegen 1.98/turn               j - ring of poison resistance
MPRegen 0.15/turn               v - ring of protection from cold

@: lethally poisoned (-6 -> -7), constricted, studying 2 skills
A: horns 2, retaliatory headbutt
a: Renounce Religion, Evoke Invisibility, Berserk, Trog's Hand, Brothers in Arms


You were on level 4 of the Snake Pit.
You worshipped Trog.
Trog was exalted by your worship.
You visited 4 branches of the dungeon, and saw 27 of its levels.
You also visited: Ice Cave.

You collected 3343 gold pieces.
You spent 1195 gold pieces at shops.

Inventory:

Hand Weapons
 d - a +3 battleaxe of flaming
 w - the +6 falchion of the Vine {holy, Will+}
   (You found it on level 4 of the Snake Pit)

   It has been blessed by the Shining One to cause great damage to the undead
   and demons.
   Will:      It increases your willpower.
 Q - the +8 battleaxe of Excruciating Pain (weapon) {vorpal, Drain rC+ SInv}
   (Trog gifted it to you on level 2 of the Snake Pit)

   It inflicts extra damage upon your enemies.
   rC:        It protects you from cold.
   SInv:      It lets you see invisible.
   Drain:     It drains your maximum health when unequipped.
 T - a +2 executioner's axe of venom
Missiles
 y - 2 javelins (quivered)
 B - a throwing net
 N - 7 silver javelins
Armour
 b - a +0 kite shield of reflection
 p - a +2 pair of gloves (worn)
 C - the +3 crown of Dyrovepreva (worn) {rElec Int+2 SInv}
   (You acquired it in an ice cave)

   Int:       It affects your intelligence (+2).
   rElec:     It insulates you from electricity.
   SInv:      It lets you see invisible.
 L - a +5 plate armour of willpower (worn)
 O - the +0 pair of boots "Zeattub" (worn) {-Cast rElec rN++ Regen+}
   (You acquired it on level 1 of the Lair of Beasts)

   rElec:     It insulates you from electricity.
   rN:        It greatly protects you from negative energy.
   -Cast:     It prevents spellcasting.
   Regen:     It increases your rate of health regeneration.
Jewellery
 e - the amulet "Xicsaz" (around neck) {Rampage +Inv Will+++ Regen+ Str-5 Dex-2}
   (You bought it in a shop on level 1 of the Snake Pit)

   [amulet of regeneration]

   Str:       It affects your strength (-5).
   Dex:       It affects your dexterity (-2).
   +Inv:      It lets you turn invisible.
   Regen:     It increases your rate of health regeneration.
   Rampage:   It bestows one free step when moving towards enemies.
   Will:      It greatly increases your willpower.
 h - a +4 ring of evasion
 i - a +6 ring of strength
 j - a ring of poison resistance (left hand)
 l - a ring of protection from fire
 v - a ring of protection from cold (right hand)
 H - a ring of ice
 K - a +6 ring of intelligence
Wands
 c - a wand of digging (8)
 x - a wand of acid (6)
 A - a wand of paralysis (10)
 F - a wand of flame (14)
 I - a wand of iceblast (18)
 M - a wand of charming (5)
 W - a wand of mindburst (17)
 Y - a wand of polymorph (10)
Scrolls
 a - a scroll of holy word
 f - 5 scrolls of fog
 k - 14 scrolls of teleportation
 m - 6 scrolls of magic mapping
 t - 9 scrolls of identify
 u - 5 scrolls of fear
 D - a scroll of summoning
 R - 2 scrolls of blinking
Potions
 g - 4 potions of curing
 n - a potion of resistance
 q - 4 potions of might
 r - a potion of cancellation
 s - 4 potions of haste
 z - 4 potions of magic
 J - a potion of flight
 P - 8 potions of ambrosia
 U - 3 potions of heal wounds
 V - 2 potions of invisibility
 Z - 3 potions of mutation
Miscellaneous
 o - a phial of floods
 E - a lightning rod (4/4)
 G - a piece from Xom's chessboard (15/15)
 X - a piece from Xom's chessboard (15/15)


   Skills:
 + Level 19.3 Fighting
 + Level 24.6 Axes
 + Level 0.7 Throwing
 + Level 19.0 Armour
 + Level 5.6 Dodging
 + Level 3.4 Stealth


You had 16 spell levels left.
You didn't know any spells.
Your spell library was empty.

Dungeon Overview and Level Annotations

Branches:
Dungeon (15/15)            Temple (0/1) D:5            Lair (6/6) D:10
 Shoals (0/4) Lair:3        Snake (4/4) Lair:4        Slime (0/5) Lair:5
    Orc (2/2) D:11            Elf (0/3) Orc:2        Vaults (0/5) D:13
 Depths (0/4) D:15          IceCv (visited)

Altars:
Ashenzari
Cheibriados
Fedhas
Gozag
Qazlal
Sif Muna
Vehumet
Zin
The Shining One

Shops:
D:7 ?   D:10 =   D:13 *(   D:14 ?   Orc:2 [(?[   Snake:1 :=:   Snake:3 **

Annotations:
D:4 exclusion: oklob plant


Innate Abilities, Weirdness & Mutations

You have a pair of horns on your head.
You reflexively headbutt those who attack you in melee.


Message History

You feel very sick.
The naga warrior hits you with a +0 glaive!
* * * LOW HITPOINT WARNING * * *
The naga warrior grabs you. The naga warrior constricts you.
Things that are here:
a +0 hand axe; a +0 robe; a naga corpse You barely miss the naga warrior.
You feel sick. The naga warrior spits poison at you.
The splash of poison hits you but does no damage.
You are more poisoned.
You resist. The naga warrior constricts you.
You barely miss the naga warrior.
You feel very sick.
The naga warrior hits you with a +0 glaive!!
* * * LOW HITPOINT WARNING * * *
The naga warrior constricts you.
You barely miss the naga warrior.
You feel sick.
The naga warrior hits you but does no damage.
The naga warrior constricts you.
* * * LOW HITPOINT WARNING * * *
You feel much better.
You feel very sick. The naga warrior spits poison at you.
The splash of poison hits you but does no damage.
You are more poisoned.
You resist. The naga warrior constricts you.
You slice the naga warrior!!
The naga warrior is moderately wounded.
You feel very sick.
You slash the naga warrior!
The naga warrior is heavily wounded.
You feel sick.
The naga warrior hits you with a +0 glaive!
* * * LOW HITPOINT WARNING * * *
The naga warrior constricts you.
You barely miss the naga warrior. You headbutt the naga warrior!
The naga warrior is heavily wounded.
You feel sick.
The naga warrior hits you with a +0 glaive!!
You die...

#.#.....#........##
..##.............#
.#
#######.......####
#. # #.........#
#.# #
#..#......###..#
#.##.....## ..# ##
#<...####..#
##.##....###)N#
........###)@#
#...##...#..## ##.#
#.##..## ... ##
#.## .. #.# .## .#
.#


You could see a naga warrior (strong, catching breath).

Vanquished Creatures
  Vashnia (Snake:4)
  Rupert (D:14)
  Jorgrun (Snake:2)
  Donald (Snake:4)
  Roxanne (D:15)
  Louise (D:14)
  Aizul (Snake:2)
  A ghoul (D:13)
  Nessos (D:14)
  The ghost of GilGalad the Fighter, a journeyman OgFE of Gozag (D:10)
  Josephine (Snake:1)
  Harold (Orc:1)
  The ghost of NinjaNoafa the Fighter, a journeyman HOFi of the Shining One (D:10)
  9 naga warriors
  8 vault guards (D:13)
  7 hydras
  3 catoblepae (Lair:6)
  4 boulder beetles
  2 centaur warriors
  8 anacondas
  A death knight (D:11)
  4 two-headed ogres
  9 naga sharpshooters
  2 tengu warriors
  2 orc high priests
  5 death yaks (Lair:5)
  6 shock serpents
  The ghost of osoart the Thaumaturge, a journeyman SpCj of Nemelex Xobeh (D:10)
  A salamander mystic (Snake:2)
  A fire crab (Lair:6)
  A golden dragon zombie (D:15)
  8 skeletal warriors
  5 naga ritualists
  A bog body (IceCv)
  A wizard (D:14)
  A phantasmal warrior (D:15)
  5 orc knights
  A wolf spider zombie (D:13)
  8 mana vipers
  7 orc sorcerers
  2 necromancers
  10 ugly things
  2 deep elf pyromancers
  8 oklob plants
  7 salamanders
  A cyclops (D:15)
  2 wolf spiders (Lair:6)
  A frost giant skeleton (D:15)
  A black mamba (shapeshifter) (D:15)
  9 naga magi
  24 elephants
  5 guardian serpents
  31 black mambas
  2 ice statues (IceCv)
  14 cane toads
  A gargoyle (D:12)
  2 unseen horrors (D:12)
  10 komodo dragons
  A spriggan zombie (D:15)
  3 yaktaurs (D:15)
  4 rime drakes
  3 entropy weaver simulacra (IceCv)
  6 ice devils (IceCv)
  3 tengu conjurers
  A queen bee (Lair:1)
  A guardian mummy (D:13)
  4 anaconda simulacra (IceCv)
  13 polar bears
  3 meliai (D:13)
  4 trolls
  3 raiju (Lair:6)
  5 blink frogs (Lair:3)
  A meliai zombie (D:13)
  2 hornets (Lair:6)
  A wind drake (shapeshifter) (D:14)
  5 dream sheep (Lair:5)
  A vampire (D:11)
  A dire elephant simulacrum (IceCv)
  9 wraiths
  The ghost of reversiblehash the Shield-Bearer, an amateur GnFi (D:3)
  7 basilisks
  16 wyverns
  5 vampire mosquitoes (D:14)
  14 yaks (Lair:6)
  A redback (Lair:6)
  Grum (D:11)
  A steam dragon (D:8)
  8 wargs
  27 nagas
  An acid dragon (D:13)
  2 harpy simulacra (IceCv)
  14 hell hounds (Lair:6)
  Duvessa (D:7)
  24 water moccasins
  16 black bears
  A human skeleton (D:15)
  An ice beast (D:6)
  25 orc warriors
  37 wolves
  8 ogres
  11 centaurs
  Blork the orc (D:4)
  5 kobold brigands
  17 bullfrogs
  A cane toad simulacrum (IceCv)
  A two-headed ogre simulacrum (IceCv)
  Dowan (D:7)
  2 elephant simulacra (IceCv)
  29 killer bees
  3 wights (D:8)
  An electric eel (Lair:3)
  2 howler monkeys
  2 jellies
  4 centaur zombies
  A hound (D:5)
  2 centaur skeletons (D:7)
  21 orc priests
  An iguana (D:4)
  48 orc wizards
  3 killer bee zombies
  A mummy (D:13)
  4 gnolls
  5 adders
  A naga simulacrum (IceCv)
  A shadow imp (D:7)
  15 white imps
  An adder zombie (D:5)
  A worm (D:4)
  4 dart slugs
  83 orcs
  5 ball pythons
  4 bats
  6 endoplasms
  4 giant cockroaches
  6 hobgoblins
  6 jackals
  2 quokkas
  2 frilled lizards
  9 goblins
  28 kobolds
  3 rats
888 creatures vanquished.

Vanquished Creatures (collateral kills)
  The ghost of pkoi the Grappler, a journeyman DrMo of Hepliaklqana (D:10)
1 creature vanquished.

Vanquished Creatures (others)
  37 fungi
  113 plants
  10 withered plants
160 creatures vanquished.

Grand Total: 1049 creatures vanquished

Notes
Turn   | Place    | Note
-------+----------+-------------------------------------------
     0 | D:1      | boopmooplesden the Minotaur Berserker began the quest for
                  | the Orb.
     0 | D:1      | Reached XP level 1. HP: 19/19 MP: 0/0
   425 | D:1      | Reached XP level 2. HP: 20/27 MP: 1/1
   509 | D:1      | Reached skill level 4 in Axes
   928 | D:1      | Reached XP level 3. HP: 14/34 MP: 2/2
  1502 | D:2      | Found a radiant altar of Vehumet.
  1891 | D:3      | Reached XP level 4. HP: 19/41 MP: 3/3
  2394 | D:3      | Found a faded altar of an unknown god.
  2421 | D:3      | Reached skill level 5 in Axes
  2477 | D:3      | Reached ** piety under Trog
  2639 | D:3      | Found a runed translucent gate.
  2640 | D:3      | Found a runed translucent gate.
  2640 | D:3      | Found a runed translucent gate.
  2641 | D:3      | Noticed reversiblehash's ghost (amateur GnFi)
  2657 | D:3      | Killed reversiblehash's ghost
  2658 | D:3      | Reached skill level 5 in Fighting
  2658 | D:3      | Reached XP level 5. HP: 37/48 MP: 4/4
  3301 | D:4      | Reached XP level 6. HP: 52/56 MP: 5/5
  3376 | D:4      | Reached skill level 6 in Axes
  3527 | D:4      | Noticed Blork the orc
  3537 | D:4      | Killed Blork the orc
  3538 | D:4      | Reached skill level 1 in Stealth
  3966 | D:4      | Reached XP level 7. HP: 37/61 MP: 6/6
  4142 | D:4      | Found a blossoming altar of Fedhas.
  4333 | D:4      | Noticed an oklob plant
  4356 | D:5      | Entered Level 5 of the Dungeon
  4391 | D:5      | Reached skill level 7 in Axes
  4868 | D:5      | Reached skill level 5 in Armour
  4946 | D:5      | Found a staircase to the Ecumenical Temple.
  5124 | D:5      | Found an opulent altar of Gozag.
  5131 | D:5      | Found a snail-covered altar of Cheibriados.
  5137 | D:5      | Found a broken altar of Ashenzari.
  5230 | D:6      | Reached skill level 8 in Axes
  5231 | D:6      | Reached XP level 8. HP: 60/70 MP: 7/7
  5471 | D:6      | Reached *** piety under Trog
  5961 | D:7      | Found Xeigaal's Magic Scroll Boutique.
  5967 | D:7      | Noticed a komodo dragon
  5980 | D:7      | Killed a komodo dragon
  5981 | D:7      | Reached skill level 9 in Axes
  6636 | D:7      | Reached XP level 9. HP: 53/79 MP: 8/8
  6841 | D:7      | Reached skill level 10 in Axes
  7030 | D:7      | Found a stormy altar of Qazlal.
  7255 | D:7      | Noticed Dowan
  7256 | D:7      | Noticed Duvessa
  7261 | D:7      | Killed Duvessa
  7265 | D:7      | Killed Dowan
  7718 | D:8      | Found a glowing golden altar of the Shining One.
  7847 | D:8      | Reached **** piety under Trog
  7848 | D:8      | Reached skill level 11 in Axes
  8989 | D:9      | Reached XP level 10. HP: 90/90 MP: 9/9
  9055 | D:9      | Noticed a two-headed ogre
  9065 | D:9      | Killed a two-headed ogre
  9066 | D:9      | Reached skill level 12 in Axes
  9066 | D:9      | Reached skill level 10 in Armour
  9493 | D:10     | Entered Level 10 of the Dungeon
  9557 | D:10     | Found a shimmering blue altar of Sif Muna.
  9561 | D:10     | Found a staircase to the Lair.
  9561 | D:10     | Noticed an elephant
  9579 | D:10     | Killed an elephant
  9585 | D:10     | Identified the +1 leather armour of Ru's Righteous Anger
                  | {Dex+8}
 10208 | D:10     | Found a runed translucent gate.
 10208 | D:10     | Found a runed translucent gate.
 10208 | D:10     | Found a runed translucent gate.
 10208 | D:10     | Noticed GilGalad's ghost (journeyman OgFE)
 10209 | D:10     | Noticed pkoi's ghost (journeyman DrMo)
 10209 | D:10     | Noticed NinjaNoafa's ghost (journeyman HOFi)
 10209 | D:10     | Noticed osoart's ghost (journeyman SpCj)
 10312 | D:10     | Found Kuduts's Jewellery Shop.
 10520 | D:10     | Killed NinjaNoafa's ghost
 10547 | D:10     | Killed pkoi's ghost
 10718 | D:10     | Killed osoart's ghost
 10719 | D:10     | Reached skill level 10 in Fighting
 10719 | D:10     | Reached skill level 13 in Axes
 10943 | D:10     | Killed GilGalad's ghost
 10944 | D:10     | Reached XP level 11. HP: 99/99 MP: 10/10
 11170 | Lair:1   | Entered Level 1 of the Lair of Beasts
 12731 | Lair:1   | Identified a scroll of acquirement
 12731 | Lair:1   | Acquired the +0 pair of boots "Zeattub" {-Cast rElec rN++
                  | Regen+}
 12810 | Lair:2   | Reached skill level 14 in Axes
 13018 | Lair:2   | Noticed an oklob plant
 13232 | Lair:2   | Reached ***** piety under Trog
 13421 | Lair:2   | Killed an oklob plant
 13433 | Lair:2   | Noticed an oklob plant
 13484 | Lair:2   | Killed an oklob plant
 13486 | Lair:2   | Noticed an oklob plant
 13746 | Lair:2   | Killed an oklob plant
 13747 | Lair:2   | Reached XP level 12. HP: 112/112 MP: 11/11
 13913 | Lair:3   | Noticed a five-headed hydra
 13918 | Lair:3   | Killed a seven-headed hydra
 13971 | Lair:3   | Found a staircase to the Shoals.
 14159 | Lair:3   | Reached skill level 15 in Axes
 15637 | Lair:4   | Reached skill level 16 in Axes
 15707 | Lair:4   | Found a staircase to the Snake Pit.
 15750 | Lair:4   | Noticed a four-headed hydra
 15762 | Lair:4   | Killed a nine-headed hydra
 15810 | Lair:4   | Reached skill level 15 in Armour
 15871 | Lair:4   | Noticed an eight-headed hydra
 15881 | Lair:4   | Killed an 11-headed hydra
 16460 | Lair:5   | Noticed a death yak
 16463 | Lair:5   | Noticed a death yak
 16463 | Lair:5   | Noticed a death yak
 16463 | Lair:5   | Noticed a death yak
 16464 | Lair:5   | Noticed a death yak
 16468 | Lair:5   | Killed a death yak
 16475 | Lair:5   | Killed a death yak
 16477 | Lair:5   | Killed a death yak
 16477 | Lair:5   | Killed a death yak
 16478 | Lair:5   | Reached XP level 13. HP: 122/122 MP: 12/12
 16538 | Lair:5   | Found a staircase to the Slime Pits.
 16619 | Lair:5   | Found a shimmering blue altar of Sif Muna.
 16967 | Lair:5   | Reached skill level 17 in Axes
 17261 | Lair:6   | Entered Level 6 of the Lair of Beasts
 17657 | Lair:6   | HP: 5/123 [cane toad (17)]
 18234 | Lair:6   | Reached skill level 18 in Axes
 18243 | Lair:6   | Reached skill level 5 in Dodging
 18387 | Lair:6   | Received a gift from Trog
 18389 | Lair:6   | Paralysed by a hornet for 1 turns
 18409 | Lair:6   | Paralysed by a hornet for 3 turns
 18808 | Lair:6   | Reached XP level 14. HP: 120/133 MP: 13/13
 19073 | Lair:6   | Reached skill level 19 in Axes
 19384 | Lair:6   | Reached skill level 15 in Fighting
 20092 | D:11     | Noticed Grum
 20094 | D:11     | Received a gift from Trog
 20099 | D:11     | Killed Grum
 20140 | D:11     | Reached skill level 20 in Axes
 20297 | D:11     | Found a staircase to the Orcish Mines.
 21569 | D:13     | Received a gift from Trog
 21606 | D:13     | Noticed a ghoul
 21618 | D:13     | Killed a ghoul
 21718 | D:13     | Found a frozen archway.
 21745 | IceCv    | Entered an ice cave
 22296 | IceCv    | Reached skill level 21 in Axes
 22362 | IceCv    | Reached XP level 15. HP: 121/143 MP: 14/14
 22427 | IceCv    | Acquired the +3 crown of Dyrovepreva {rElec Int+2 SInv}
 22427 | IceCv    | Found the +3 crown of Dyrovepreva {rElec Int+2 SInv}
 22796 | D:13     | Found a gate to the Vaults.
 22994 | D:13     | Found Heleos's Assorted Antiques.
 23216 | D:13     | Found Roorghee's Weapon Shoppe.
 23338 | D:14     | Noticed Nessos
 23351 | D:14     | Killed Nessos
 23398 | D:14     | Noticed Louise
 23414 | D:14     | Killed Louise
 23472 | D:14     | Noticed Rupert
 23478 | D:14     | Killed Rupert
 24034 | D:14     | Found Touqumel's Magic Scroll Boutique.
 24231 | D:14     | Found a glowing silver altar of Zin.
 24320 | D:15     | Entered Level 15 of the Dungeon
 24356 | D:15     | Reached skill level 22 in Axes
 24386 | D:15     | Found a staircase to the Depths.
 24609 | D:15     | Noticed Roxanne
 24619 | D:15     | Killed Roxanne
 24649 | D:15     | Reached ****** piety under Trog
 24952 | D:15     | Found a broken altar of Ashenzari.
 25554 | Orc:1    | Entered Level 1 of the Orcish Mines
 25604 | Orc:1    | Noticed Harold
 25624 | Orc:1    | Killed Harold
 25685 | Orc:1    | Received a gift from Trog
 25813 | Orc:2    | Entered Level 2 of the Orcish Mines
 25992 | Orc:2    | Reached XP level 16. HP: 126/155 MP: 15/15
 26021 | Orc:2    | Found Karresae's Magic Scroll Shoppe.
 26021 | Orc:2    | Found Dippiemo's Antique Armour Emporium.
 26032 | Orc:2    | Found Vuluusy's Armour Shoppe.
 26032 | Orc:2    | Found Lyulu's Weapon Emporium.
 26069 | Orc:2    | Bought a pair of boots for 148 gold pieces
 26194 | Orc:2    | Found a staircase to the Elven Halls.
 26236 | Orc:2    | Received a gift from Trog
 26703 | Orc:1    | Reached skill level 23 in Axes
 26991 | Snake:1  | Entered Level 1 of the Snake Pit
 27219 | Snake:1  | Found Tidoaxuafi's Jewellery Shop.
 27220 | Snake:1  | Found Qicelanuh's Book Emporium.
 27220 | Snake:1  | Found Idydocw's Book Emporium.
 27229 | Snake:1  | Bought the amulet "Xicsaz" {Rampage +Inv Will+++ Regen+
                  | Str-5 Dex-2} for 567 gold pieces
 27271 | Snake:1  | Noticed Josephine
 27285 | Snake:1  | Killed Josephine
 28548 | Snake:2  | Identified the +8 battleaxe of Excruciating Pain {vorpal,
                  | Drain rC+ SInv} (Trog gifted it to you on level 2 of the
                  | Snake Pit)
 28548 | Snake:2  | Received a gift from Trog
 28773 | Snake:2  | Identified the +0 leather armour "Plog" {rElec Int+6
                  | Stlth-}
 29010 | Snake:2  | Noticed Aizul
 29024 | Snake:2  | Killed Aizul
 29191 | Snake:2  | Noticed Jorgrun
 29204 | Snake:2  | Killed Jorgrun
 29205 | Snake:2  | Reached skill level 24 in Axes
 30055 | Snake:3  | Found Xecvekih's General Store.
 30055 | Snake:3  | Found Zaotes's Specific Store.
 30067 | Snake:3  | Bought a lightning rod (4/4) for 480 gold pieces
 30713 | Snake:4  | Entered Level 4 of the Snake Pit
 30713 | Snake:4  | Noticed Donald
 30726 | Snake:4  | Killed Donald
 30729 | Snake:4  | Reached XP level 17. HP: 161/168 MP: 16/16
 30949 | Snake:4  | Noticed Vashnia
 30973 | Snake:4  | Killed Vashnia
 31339 | Snake:4  | Identified the +6 falchion of the Vine {holy, Will+}
 31361 | Snake:4  | Received a gift from Trog
 31370 | Snake:4  | HP: 8/168 [constriction (1)]
 31374 | Snake:4  | Mangled by a naga warrior

Illustrated notes

Levels and vault maps discovered:
D:1:      minmay_arrival_diagonal_passages, layout_basic
D:2:      layout_rooms, basic_altar, minmay_misc_feat_tower
D:3:      layout_loops_corners, shapermc_ecumenical_altar_pompeii,
          ebering_ghost_rock_garden
D:4:      layout_cave_pools, tgw_fedhas, minmay_manual_macuahuitl,
          uniq_blork_the_orc
D:5:      layout_rooms, grunt_temple_overflow_diamond,
          minmay_temple_entry_water_ring
D:6:      layout_rooms
D:7:      layout_loops_corners, amcnicky_altar_gilded, serial_shops,
          nicolae_shop_stone, uniq_duvessa
D:8:      layout_loops_cross, nicolae_tso_carved_into_rock
D:9:      layout_irregular_city, enter_bailey_4
D:10:     layout_gridville, mainiacjoe_overflow_cross_hatched,
          david_lair_generic, serial_shops, shop_fountains,
          gammafunk_ghost_cemetery, hangedman_abyss_or_decor_clamps
D:11:     layout_roguey, hiddenorc1_lemuel, uniq_grum
D:12:     minmay_goldmine, layout_loops_ring
D:13:     layout_basic, erik_vaults_2, portal_ice_cave_entry_imps,
          serial_undead, serial_undead_e, serial_undead_d, serial_undead_a,
          serial_undead_e, serial_shops, nicolae_lakefront_shop, shop
D:14:     layout_loops_ring, serial_shops, shop_statue, zin_treasury,
          uniq_nessos, uniq_rupert, uniq_louise
D:15:     gammafunk_depths_entry_grave, layout_loops_ring,
          nicolae_ashenzari_skybound, uniq_roxanne
Lair:1:   layout_cave_pods, special_room [special_room_bee],
          serial_bayou_shore_a, serial_bayou_shore_b
Lair:2:   minmay_lair_oklob_tunnel, layout_misc_corridors, special_room,
          grunt_megastairs_1
Lair:3:   layout_layer_cave, elwin_shoals_entry_rocks, lemuel_fruit_fields,
          serial_bayou_shore_b
Lair:4:   layout_cave_pods, guppyfry_snake_entry_island, dpeg_oklob_1
Lair:5:   layout_cave_pods, dpeg_slime_entry_corner, basic_altar,
          lemuel_fruit_tree
Lair:6:   hangedman_lair_tendril_chambers, layout_layer_cave,
          hangedman_lair_caniforms_friends
Snake:1:  layout_layer_cave, nicolae_snake_gridmaze_zigzag, minmay_shop_grove,
          uniq_josephine
Snake:2:  layout_basic, drop_trap, nicolae_snake_gridmaze_big_u, uniq_jorgrun,
          uniq_aizul
Snake:3:  layout_chambers, nicolae_snake_squiggles, st_stairs_5,
          nicolae_specific_store
Snake:4:  johnstein_snake_rune_scales, layout_onion_interference,
          grunt_megastairs_3, uniq_vashnia, uniq_donald
Orc:1:    layout_diamond_mine, uniq_harold
Orc:2:    st_orc_mages, layout_caves, mines5_lemuel

Skill      XL: |  1  2  3  4  5  6  7  8  9 10 11 12 13 14 15 16 17 |
---------------+----------------------------------------------------+-----
Axes           | 4 5 6 8 9 11 13 14 16 18 21 22 24 | 24.6
Fighting       | 4 5 6 7 8 10 11 13 14 15 17 19 | 19.3
Dodging        | 3 4 5 |  5.6
Armour         | 3 4 6 8 9 11 13 15 16 17 18 19 | 19.0
Stealth        | 1 2 3 |  3.4
Throwing       | |  0.7

Action                   |  1- 3 |  4- 6 |  7- 9 | 10-12 | 13-15 | 16-18 || total
-------------------------+-------+-------+-------+-------+-------+-------++-------
Melee: Hand axe          |    70 |    81 |   290 |   419 |       |       ||   860
       Headbutt          |    11 |    12 |    50 |   129 |   239 |   110 ||   551
       Punch             |       |     2 |     5 |     7 |       |       ||    14
       Executioner's axe |       |       |       |   140 |   559 |   239 ||   938
       Battleaxe         |       |       |       |       |   462 |   277 ||   739
Throw: Javelin           |     2 |       |     2 |       |       |       ||     4
Invok: Berserk           |     2 |     2 |     6 |    14 |    15 |     5 ||    44
       Brothers in Arms  |       |       |       |     1 |       |       ||     1
       Trog's Hand       |       |       |       |     1 |     1 |       ||     2
Evoke: Wand              |       |       |       |       |     2 |       ||     2
  Use: Scroll            |     3 |       |    14 |     7 |    18 |     1 ||    43
       Potion            |       |       |       |       |     1 |     1 ||     2
 Stab: Petrifying        |       |       |       |       |     2 |       ||     2
       Petrified         |       |       |       |       |     1 |       ||     1
Armor: Animal skin       |     8 |       |       |       |       |       ||     8
       Plate armour      |       |    45 |   198 |   342 |   903 |   356 ||  1844
Dodge: Dodged            |    35 |    24 |   112 |   213 |   473 |   187 ||  1044
